 Dungeon Crawl Stone Soup version 0.31-a0-204-g7da18cac08 (webtiles) character file.

Game seed: 11924037320003770783

98 qw the Shooter (level 4, 0/25 HPs)
             Began as a Deep Elf Hunter on June 27, 2023.
             Slain by a goblin
             ... wielding a +0 dagger
             ... led by Robin
              (5 damage)
             ... on level 2 of the Dungeon.
             The game lasted 00:00:26 (826 turns).

qw the Shooter (Deep Elf Hunter)                     Turns: 826, Time: 00:00:27

Health: 0/25       AC:  5    Str: 10    XL:     4   Next: 43%
Magic:  6/6        EV: 11    Int: 14    God:
Gold:   67         SH:  0    Dex: 18    Spells: 3/3 levels left

rFire   . . .        Y - +1 shortbow
rCold   . . .        (shield currently unavailable)
rNeg    . . .        a - +0 ring mail
rPois   .            (no helmet)
rElec   .            (no cloak)
rCorr   .            (no gloves)
SInv    .            (no boots)
Will    .....        (no amulet)
Stlth   +            (no ring)
HPRegen 0.24/turn    (no ring)
MPRegen 0.10/turn

%: no passive effects
@: no status effects
A: no striking features
a: no special abilities


You were on level 2 of the Dungeon.
You visited 1 branch of the dungeon, and saw 2 of its levels.

You collected 67 gold pieces.


   Skills:
 - Level 1.5 Fighting
 + Level 7.9 Ranged Weapons
 - Level 2.4 Dodging
 - Level 1.2 Stealth


You had 3 spell levels left.
You didn't know any spells.
Your spell library was empty.

Inventory:

Hand Weapons
 Y - a +1 shortbow (weapon)
Armour
 a - a +0 ring mail (worn)
Jewellery
 c - a +6 ring of intelligence
Scrolls
 b - a scroll of teleportation {unknown}
Potions
 d - a potion of lignification {unknown}

Dungeon Overview and Level Annotations

Branches:
Dungeon (2/15)

Altars:

Annotations:
D:2 Robin


Message History

Robin of the Strong Arm comes into view.
They are wielding a +0 short sword.
The goblin hits you with a +0 club.
You shoot an arrow. The arrow barely misses the goblin.
You hear a shout!
The goblin closely misses you.
Robin roars a battlecry!
The goblin goes into a battle-frenzy!
You shoot an arrow. The arrow barely misses the goblin.
The goblin barely misses you.
You shoot an arrow. The arrow hits the goblin!
You kill the goblin!
You shoot an arrow.
The arrow hits Robin but does no damage.
A goblin comes into view. It is wielding a +0 dagger.
Robin throws the goblin at you! The goblin hits you but does no damage.
Robin hits you but does no damage.
A goblin comes into view. It is wielding a +0 club.
You shoot an arrow. The arrow closely misses Robin.
The goblin hits you with a +0 dagger.
You shoot an arrow. The arrow hits Robin!
Robin is heavily wounded.
The goblin closely misses you.
A hobgoblin comes into view.
Robin hits you with a +0 short sword.
You shoot an arrow.
The arrow hits Robin but does no damage.
Robin is heavily wounded.
The goblin hits you with a +0 dagger. Robin barely misses you.
You shoot an arrow.
The arrow hits Robin but does no damage.
Robin is heavily wounded.
The goblin hits you with a +0 dagger.
Robin drinks a potion.
Robin is healed!
You shoot an arrow. The arrow hits Robin!
Robin is severely wounded.
The goblin barely misses you. Robin hits you with a +0 short sword.
You shoot an arrow.
The arrow hits Robin but does no damage.
Robin is severely wounded.
Robin hits you with a +0 short sword. The goblin hits you with a +0 dagger.
You die...

## . ## .#
.# #. .#g
#g# #@# #g#
#.#
##.########
#..........
#..########
#..# #..#
#..#####.#


You could see Robin, a hobgoblin (strong) and a goblin (strong).

Vanquished Creatures
  Natasha (D:2)
  3 adders (D:2)
  A worm (D:2)
  2 dart slugs (D:2)
  An orc (D:2)
  3 endoplasms
  4 giant cockroaches (D:1)
  6 goblins
  3 hobgoblins
  A quokka (D:1)
  4 ball pythons (D:1)
  3 bats
  4 frilled lizards
  2 kobolds (D:1)
  3 rats (D:1)
41 creatures vanquished.

Notes
Turn   | Place    | Note
-------+----------+-------------------------------------------
     0 | D:1      | qw the Deep Elf Hunter began the quest for the Orb.
     0 | D:1      | Reached XP level 1. HP: 12/12 MP: 3/3
     0 | D:1      | 0 ||| qw: Version: 0.3-a-22-g0ed2b0b
     0 | D:1      | 0 ||| qw: Game counter: 6393
     0 | D:1      | 0 ||| qw: Melee chars always use a shield: true
     0 | D:1      | 0 ||| qw: God list: Okawaru
     0 | D:1      | 0 ||| qw: Allow faded altars: false
     0 | D:1      | 0 ||| qw: Do Orc after clearing Dungeon:15 true
     0 | D:1      | 0 ||| qw: Do second Lair branch before Depths: true
     0 | D:1      | 0 ||| qw: Lair rune preference: random
     0 | D:1      | 0 ||| qw: Goals: Normal
     0 | D:1      | 0 ||| PLANNING D:1-11
   106 | D:1      | Reached skill level 6 in Ranged Weapons
   106 | D:1      | Reached XP level 2. HP: 16/16 MP: 4/4
   249 | D:1      | 249 ||| READING scroll labelled LEDGHU AVUQARHA.
   250 | D:1      | 250 ||| READING scroll labelled AZUINN LUEMPYO.
   251 | D:1      | 251 ||| READING scroll labelled GEURHA CUNITA.
   256 | D:1      | 256 ||| DROPPING scroll of butterflies.
   519 | D:1      | 519 ||| UPGRADING to +0 ring mail.
   529 | D:1      | 529 ||| DROPPING +0 leather armour.
   571 | D:2      | Reached XP level 3. HP: 19/20 MP: 5/5
   619 | D:2      | Noticed Natasha
   622 | D:2      | Reached skill level 7 in Ranged Weapons
   630 | D:2      | Killed Natasha
   631 | D:2      | Reached XP level 4. HP: 15/25 MP: 6/6
   816 | D:2      | Noticed Robin
   826 | D:2      | HP: 5/25 [Robin/+0 short sword (2)]
   826 | D:2      | Slain by a goblin

Levels and vault maps discovered:
D:1:      amcnicky_arrival_feature_with_door, layout_rooms,
          chequers_serial_rivers_micro_d, nicolae_eternal_life
D:2:      minmay_wonky_spiral, layout_loops_ring, basic_altar, uniq_natasha,
          uniq_robin

Skill      XL: |  1  2  3 |
---------------+----------+-----
Ranged Weapons | 6 7 |  7.9
Fighting       | |  1.5
Dodging        | |  2.4
Stealth        | |  1.2

Action                     |  1- 3 |  4- 6 || total
---------------------------+-------+-------++-------
   Fire: Shortbow          |    74 |    38 ||   112
    Use: Scroll            |     3 |       ||     3
 Armour: Leather armour    |     4 |       ||     4
         Ring mail         |     2 |     4 ||     6
  Dodge: Dodged            |     7 |    11 ||    18

Table legend:
 A = Non-vault XP
 B = Vault XP
 C = Vault XP percentage of total XP
 D = Non-vault monster count
 E = Vault monster count
 F = Vault count percentage of total count
                 A         B        C        D         E       F
            +---------+---------+-------+---------+---------+-------
      Total |     100 |      40 |  28.6 |      37 |       4 |   9.8
            +---------+---------+-------+---------+---------+-------
        D:1 |      38 |       0 |   0.0 |      25 |       0 |   0.0
        D:2 |      62 |      40 |  39.2 |      12 |       4 |  25.0
            +---------+---------+-------+---------+---------+-------
